 Dungeon Crawl Stone Soup version 0.21-a0-111-g52d2817 (webtiles) character file.

1503014 Kenran the Intangible (level 27, 204/204 (207) HPs)
             Began as a Halfling Hunter on July 10, 2017.
             Was the Champion of Okawaru.
             Escaped with the Orb
             ... and 3 runes on July 11, 2017!
             The game lasted 04:35:15 (101427 turns).

Kenran the Intangible (Halfling Hunter)           Turns: 101427, Time: 04:35:15

HP:   204/204 (207) AC: 33    Str: 19    XL:     27
MP:   36/36         EV: 36    Int:  4    God:    Okawaru [******]
Gold: 1647          SH: 27    Dex: 27    Spells: 21/32 levels left

rFire    + + +     SeeInvis .   a - +9 fustibalus (elec)
rCold    . . .     Gourm    .   F - +3 shield {rC+}
rNeg     + + +     Faith    .   C - +8 fire dragon scales
rPois    +         Spirit   .   h - +1 helmet
rElec    +         Reflect  +   o - +0 cloak "Edauck" {rF+ Slay+5}
rCorr    +         Harm     .   Z - +2 pair of gloves "Tuyras" {Dex+5}
MR       ++...                  e - +0 pair of boots of the Jolly Scars {rN+++ Int-5 Slay+5}
Stlth    +.........             I - brooch of Shielding {Reflect SH+8}
HPRegen  0.44/turn              L - ring of Saim {rElec rF+}
MPRegen  0.25/turn              N - ring of Saicw {rCorr rPois}

@: no status effects
A: mutation resistance 1
0: Orb of Zot
}: 3/15 runes: serpentine, barnacled, slimy
a: Heroism, Finesse, Renounce Religion


You escaped.
You worshipped Okawaru.
Okawaru was exalted by your worship.
You were not hungry.

You visited 10 branches of the dungeon, and saw 53 of its levels.
You visited the Abyss 1 time.
You also visited: Labyrinth, Ice Cave and Desolation.

You collected 6496 gold pieces.
You spent 4849 gold pieces at shops.

Inventory:

Hand Weapons
 a - a +9 fustibalus of electrocution (weapon)
 b - a +7 demon whip of pain
Missiles
 d - 484 sling bullets (quivered)
 g - 181 stones
Armour
 e - the +0 pair of boots of the Jolly Scars (worn) {rN+++ Int-5 Slay+5}
   (Okawaru gifted it to you on level 3 of the Lair of Beasts)

   It affects your intelligence (-5).
   It affects your accuracy and damage with ranged weapons and melee attacks
   (+5).
   It renders you almost immune to negative energy.
 h - a +1 helmet (worn)
 m - a +2 cloak of magic resistance
 o - the +0 cloak "Edauck" (worn) {rF+ Slay+5}
   (You found it on level 5 of the Pits of Slime)

   It affects your accuracy and damage with ranged weapons and melee attacks
   (+5).
   It protects you from fire.
 C - +8 fire dragon scales (worn)
 F - a +3 shield of cold resistance (worn)
 Z - the +2 pair of gloves "Tuyras" (worn) {Dex+5}
   (You found it in the Desolation of Salt)

   It affects your dexterity (+5).
Jewellery
 I - the brooch of Shielding (around neck) {Reflect SH+8}
   (You bought it in a shop on level 2 of the Orcish Mines)

   [amulet of reflection]

   It shields you and reflects attacks.
   It affects your SH (+8).
 L - the ring of Saim (left hand) {rElec rF+}
   (You acquired it on level 1 of the Elven Halls)

   [ring of protection from fire]

   It protects you from fire.
   It insulates you from electricity.
 N - the ring of Saicw (right hand) {rCorr rPois}
   (You took it off a deep elf blademaster on level 3 of the Elven Halls)

   [ring of resist corrosion]

   It protects you from poison.
 S - the ring of the Madman {rC++ EV+2}
   (You found it in the Desolation of Salt)

   [ring of evasion]

   It affects your evasion (+2).
   It greatly protects you from cold.
Wands
 l - a wand of digging (11/24)
 y - a wand of iceblast (3/15)
 Q - a wand of paralysis (8/24)
 R - a wand of scattershot (3/9)
 T - a wand of clouds (2/9)
 W - a wand of acid (7/15)
Scrolls
 c - 4 scrolls of immolation {!r}
 k - 15 scrolls of remove curse {@r2}
 n - 22 scrolls of teleportation {@r4}
 p - 7 scrolls of recharging
 t - 5 scrolls of fog
 u - 2 scrolls of summoning
 w - a scroll of holy word
 B - 2 scrolls of silence
 E - 5 scrolls of blinking {@r3}
 O - 5 scrolls of fear
 Y - 8 scrolls of identify {@r1}
Potions
 i - 4 potions of curing {@q1}
 j - a potion of invisibility
 q - 9 potions of haste {@q3}
 r - 3 potions of ambrosia
 s - a potion of brilliance
 x - 5 potions of mutation {!q}
 z - 6 potions of magic
 A - 4 potions of might {@q4}
 G - 12 potions of heal wounds {@q2}
 H - 2 potions of resistance
 J - a potion of cancellation {@q6}
 K - 7 potions of flight
 P - a potion of agility {@q5}
 V - 2 potions of berserk rage {!q}
Miscellaneous
 M - 3 sacks of spiders
 X - 4 boxes of beasts
Comestibles
 f - 3 bread rations {@e1}
 v - 14 meat rations {@e1}


   Skills:
 - Level 21.7 Fighting
   Level 6.2(8.4) Short Blades
   Level 7.3(8.0) Long Blades
 - Level 14.1 Maces & Flails
 - Level 16.4 Slings
 - Level 19.1 Armour
 O Level 27 Dodging
 - Level 1.1 Stealth
 - Level 16.4 Shields
 - Level 3.3 Spellcasting
 - Level 6.3 Hexes
 - Level 8.6 Necromancy
 - Level 10.6 Translocations
 - Level 18.5 Invocations
 + Level 5.8 Evocations


You had 21 spell levels left.
You knew the following spells:

 Your Spells              Type           Power        Failure   Level  Hunger
a - Apportation           Tloc           #.....       1%          1    ##.....
b - Animate Skeleton      Necr           N/A          4%          1    ##.....
c - Portal Projectile     Hex/Tloc       #.....       13%         3    ####...
d - Passwall              Tmut/Erth      #.........   91%         2    ###....
e - Passage of Golubria   Tloc           N/A          19%         4    #####..


Dungeon Overview and Level Annotations

Branches:
Dungeon (15/15)            Temple (0/1) D:4            Lair (6/6) D:9
 Shoals (4/4) Lair:3        Snake (4/4) Lair:4        Slime (5/5) Lair:6
    Orc (2/2) D:12            Elf (3/3) Orc:2        Vaults (4/5) D:13
  Crypt (0/3) Vaults:3     Depths (5/5) D:15            Zot (5/5) Depths:5

Altars:
Cheibriados
Dithmenos
Fedhas
Gozag
Hepliaklqana
Makhleb
Nemelex Xobeh
Okawaru
Qazlal
Ru
Uskayaw
Vehumet
Xom
Yredelemnul
The Shining One

Shops:
D:5 :   D:7 ?:}   D:15 *   Orc:1 [   Orc:2 *=?*   Elf:3 [   Shoals:1 %
Snake:3 (   Vaults:3 *   Vaults:4 :   Depths:1 ![*}

Portals:
Hell: Depths:2 Depths:3 Depths:4 Depths:5
Abyss: Depths:4
Pandemonium: Depths:3
Ziggurat: Depths:3

Annotations:
D:6 orc knight!
Shoals:3 1 runed door
Elf:2 1 runed door
Vaults:3 exclusion: obsidian statue
Depths:2 1 exclusion
Depths:3 exclusion: angel


Innate Abilities, Weirdness & Mutations

You are small and have problems with some larger weapons.
You are somewhat resistant to further mutation.


Message History

The rust devil is severely wounded.
Firing (i - inventory. (,) - cycle):
d - 483 sling bullets (quivered)
Press: ? - help, Shift-Dir - straight line, f/p - rust devil
Aim: a rust devil (severely wounded)
You shoot a sling bullet. The sling bullet hits the rust devil!!
You kill the rust devil!
Okawaru accepts your kill.
No target in view!
d - 483 sling bullets (gained 1)
d - 484 sling bullets (gained 1)
There is a stone staircase leading up here.
You climb upwards.
There is a stone staircase leading down here.
You see here a short sword.
There is a large open door here.
There is a large open door here.
You open the door.
There is an open door here.
There is a staircase leading out of the dungeon here.
You have escaped!

## ▒▒ ▒▒ ≈≈ ▒▒▒▒ ▒≈♣≈▒ ▒▒▒▒▒▒▒≈
..8▒▒▒▒8▒▒▒▒8...@▒≈
...'.......'.....▒≈#####
..8▒▒8▒'▒8▒▒8...8▒≈....#
'▒▒▒▒▒▒'▒▒▒▒▒▒'▒▒▒≈....#
.▒▒♣♣.....♣♣▒▒.▒≈▒≈....#
.▒♣≈.......≈♣▒.8♣♣≈....#
.8▒.........▒8.▒≈▒≈...##
.▒▒...≈♣≈...▒▒.▒▒▒≈##.# ###
.''...♣8♣...''..''.)#.#######.###


There were no monsters in sight!

Vanquished Creatures
  the Royal Jelly (Slime:5)
  4 ancient liches (Zot:5)
  6 orbs of fire (Zot:5)
  A greater mummy (Depths:2)
  Sojobo (Depths:4)
  2 Killer Klowns (Zot:5)
  A curse toe (Zot:5)
  Saint Roka (Depths:2)
  9 golden dragons
  Nikola (Shoals:3)
  Jorgrun (Vaults:1)
  3 electric golems
  15 tentacled monstrosities
  A lich (Vaults:4)
  26 Orb Guardians
  Asterion (Snake:3)
  3 deep elf blademasters
  10 quicksilver dragons
  31 acid blobs
  A deep elf master archer (Elf:3)
  12 death cobs
  A tentacled starspawn (Abyss:2)
  Frances (Snake:2)
  3 sphinxes
  Agnes (D:15)
  8 shadow dragons
  Ilsuiw (Shoals:4)
  8 tengu reavers
  11 draconian monks
  14 storm dragons
  10 frost giants
  18 azure jellies
  Roxanne (Snake:2)
  11 nagarajas
  3 iron dragons
  A balrug (Depths:4)
  10 fire giants
  An orc warlord (D:7)
  8 vault wardens
  4 ghost moths
  Aizul (Shoals:3)
  A deep elf sorcerer (Elf:3)
  2 imperial myrmidons (Desolation)
  8 draconian knights
  11 draconian shifters
  2 deep elf elementalists (Elf:3)
  A ghoul (Vaults:1)
  12 draconian scorchers
  8 ironheart preservers
  29 very ugly things
  10 draconian annihilators
  8 draconian stormcallers
  13 stone giants
  A war gargoyle (Vaults:2)
  2 grey draconians (Depths:5)
  9 deep elf demonologists
  5 entropy weavers
  26 green draconians
  15 black draconians
  3 vampire knights
  3 halazid warlocks (Desolation)
  2 deep elf annihilators (Elf:3)
  18 yellow draconians
  A dire elephant (Lair:6)
  7 spark wasps
  15 white draconians
  25 red draconians
  14 purple draconians
  A minotaur (Lab)
  A crystal guardian (Desolation)
  8 death oozes
  4 ettins
  Josephine (Shoals:1)
  6 deep elf death magi
  A mummy priest (Depths:2)
  5 merfolk impalers
  17 fire dragons
  2 deep elf high priests (Elf:3)
  A quicksilver dragon zombie (Depths:2)
  A merfolk javelineer (Shoals:4)
  7 vault guards (Vaults:2)
  4 ragged hierophants (Desolation)
  5 servants of whispers (Desolation)
  20 ice dragons
  13 yaktaur captains
  3 peacekeepers (Desolation)
  11 hydras
  3 rakshasas
  12 great orbs of eyes
  A hell beast (Depths:3)
  4 spriggan air magi
  20 naga warriors
  7 anacondas
  5 merfolk avatars
  A satyr (Shoals:4)
  An anaconda (shapeshifter) (Vaults:1)
  A death knight (Vaults:2)
  An alligator snapping turtle (Shoals:4)
  32 dancing weapons
  11 ogre magi
  4 merfolk aquamancers (Shoals:4)
  15 centaur warriors
  A catoblepas (Lair:6)
  35 two-headed ogres
  5 deep troll shamans
  A queen ant (Lair:4)
  5 spriggan berserkers
  9 death yaks
  4 tengu warriors
  6 deep troll earth magi
  2 vampire magi
  9 shock serpents
  22 deep elf knights
  A thrashing horror (Abyss:2)
  A large abomination (Elf:3)
  5 salamander mystics
  A sun demon (D:3)
  16 naga sharpshooters
  5 iron trolls
  A shadow wraith (Vaults:1)
  14 skeletal warriors
  A fire crab (shapeshifter) (Vaults:2)
  2 small abominations
  12 sea snakes
  3 unseen horrors
  A swamp dragon (shapeshifter) (Elf:1)
  5 swamp dragons
  An orange crystal statue (D:9)
  4 glowing orange brains
  7 wizards
  19 deep trolls
  3 naga ritualists
  2 phantasmal warriors (Vaults:2)
  22 harpies
  7 flayed ghosts
  13 deep elf archers
  A tengu zombie (Vaults:1)
  2 lindwurms (Lair:6)
  17 ironbrand convokers
  19 orc knights
  Pikel (D:9)
  8 wolf spiders
  3 fauns
  4 orc sorcerers
  5 shining eyes
  A tengu skeleton (Depths:2)
  19 manticores
  4 mana vipers
  4 necromancers
  55 ugly things
  66 deep elf magi
  A fire giant zombie (Depths:2)
  7 oklob plants
  17 salamanders
  A cyclops (shapeshifter) (Vaults:1)
  32 moths of wrath
  A rust devil (D:2)
  7 cyclopes
  34 black mambas
  5 elephants
  4 guardian serpents
  3 gargoyles
  An elephant (shapeshifter) (Depths:3)
  9 vault sentinels
  6 smoke demons
  10 merfolk sirens
  25 naga magi
  An eye of devastation (shapeshifter) (Depths:4)
  A molten gargoyle (Depths:4)
  13 spiny frogs
  8 water nymphs
  5 eyes of devastation
  3 orange demons
  A spriggan skeleton (Depths:2)
  58 yaktaurs
  A rime drake (shapeshifter) (Vaults:1)
  2 rime drakes (Lair:6)
  4 kobold demonologists (D:14)
  4 freezing wraiths
  14 komodo dragons
  An efreet (D:14)
  6 hellwings
  An ice devil (Zot:5)
  3 guardian mummies (Depths:2)
  4 red devils
  3 jumping spiders
  3 tengu conjurers
  A troll (shapeshifter) (Vaults:4)
  A queen bee (shapeshifter) (Vaults:2)
  32 merfolk
  8 trolls
  A tengu simulacrum (Depths:3)
  11 polar bears (IceCv)
  37 saltlings (Desolation)
  3 snapping turtles
  6 wind drakes
  A hornet (shapeshifter) (D:14)
  5 hornets
  123 slime creatures
  19 blink frogs
  2 dream sheep (Lair:6)
  15 hippogriffs
  Grinder (D:6)
  A slime creature (shapeshifter) (Vaults:2)
  A fire giant simulacrum (Depths:1)
  An ettin zombie (Depths:1)
  A stone giant simulacrum (Vaults:2)
  A centaur simulacrum (D:10)
  3 spriggans (Depths:5)
  A shadow (D:14)
  A tarantella (Vaults:4)
  7 wraiths
  6 redbacks
  A tarantella (shapeshifter) (Depths:5)
  5 air elementals
  7 wyverns
  5 fire elementals
  Eustachio (D:6)
  2 basilisks
  3 fire bats (Abyss:2)
  A golden eye (shapeshifter) (Vaults:4)
  2 neqoxecs (Abyss:2)
  48 yaks
  6 hungry ghosts
  18 water elementals
  2 wyverns (shapeshifter)
  15 golden eyes
  11 vampire mosquitoes
  A redback simulacrum (D:15)
  Menkaure (D:5)
  4 insubstantial wisps (Abyss:2)
  22 wargs
  4 acid dragons
  79 nagas
  A soldier ant (shapeshifter) (Elf:1)
  A yaktaur simulacrum (Vaults:3)
  Edmund (D:5)
  29 soldier ants
  4 hell hounds (Abyss:2)
  A human zombie (Vaults:1)
  13 water moccasins
  A porcupine (shapeshifter) (D:13)
  7 porcupines
  An ettin simulacrum (Depths:1)
  7 ice beasts
  61 orc warriors
  A black bear (D:8)
  A sky beast (shapeshifter) (Elf:1)
  An eye of draining (shapeshifter) (Depths:3)
  32 ogres
  4 sky beasts
  16 boggarts
  24 wolves
  26 centaurs
  9 eyes of draining
  A crocodile (shapeshifter) (Vaults:2)
  4 big kobolds
  9 crocodiles
  Blork the orc (D:6)
  17 bullfrogs
  A deep troll simulacrum (Vaults:3)
  A wyvern zombie (D:7)
  3 earth elementals (Elf:3)
  4 scorpions
  A yaktaur skeleton (Vaults:1)
  5 wyvern skeletons
  4 killer bees (D:8)
  8 wights
  A troll skeleton (Lab)
  7 howler monkeys
  5 electric eels
  12 crimson imps
  2 human simulacra (Vaults:2)
  4 quasits
  7 hounds
  9 jellies
  A bullfrog skeleton (D:13)
  3 centaur zombies
  5 centaur skeletons
  29 orc priests
  12 iguanas
  Ijyb (D:3)
  Natasha (D:2)
  28 orc wizards
  27 worker ants
  An ogre skeleton (Lab)
  A worker ant zombie (D:7)
  Robin (D:2)
  2 howler monkey skeletons
  10 gnolls
  10 adders
  8 shadow imps
  3 white imps (D:10)
  An ufetubus (Abyss:2)
  2 adder skeletons
  4 dart slugs (D:1)
  5 leopard geckos
  163 orcs
  6 bats
  A bat zombie (D:1)
  9 giant cockroaches
  16 goblins
  9 hobgoblins
  10 jackals
  19 kobolds
  7 quokkas
  3 ball pythons
  3 frilled lizards
  A leopard gecko skeleton (D:5)
  2 leopard gecko zombies
  A quokka skeleton (D:7)
  3 quokka zombies
  8 rats
  A crawling corpse (Vaults:1)
  2 fungi
  6 plants
  A starspawn tentacle (Abyss:2)
2780 creatures vanquished.

Vanquished Creatures (collateral kills)
  A deep troll (Depths:4)
1 creature vanquished.

Vanquished Creatures (others)
  Vashnia (Snake:2)
  A deep elf master archer (Elf:3)
  2 fire giants
  A nagaraja (Snake:4)
  2 stone giants
  2 purple draconians
  2 merfolk javelineers (Shoals:4)
  5 yaktaur captains
  A naga warrior (Snake:4)
  2 rakshasas
  4 centaur warriors
  2 merfolk aquamancers
  An orc high priest (Elf:1)
  2 naga sharpshooters
  5 deep elf archers
  A deep elf mage (Vaults:1)
  A mana viper (Snake:3)
  2 moths of wrath (Zot:5)
  A salamander (Snake:4)
  2 manticores
  A smoke demon (Abyss:2)
  9 yaktaurs
  A merfolk (Shoals:4)
  6 polar bears (IceCv)
  2 yaks
  2 slaves (D:9)
  An ogre (Vaults:1)
  An eye of draining (shapeshifter) (Vaults:4)
  3 boggarts
  2 wolves (IceCv)
  6 centaurs
  A crimson imp (D:12)
  A centaur zombie (D:9)
  A white imp (Abyss:2)
  2 orcs
  3 jackals (D:3)
  16 fungi
  23 plants
  3 starspawn tentacles (Abyss:2)
124 creatures vanquished.

Grand Total: 2905 creatures vanquished

Notes
Turn   | Place    | Note
-------+----------+-------------------------------------------
     0 | D:1      | Kenran the Halfling Hunter began the quest for the Orb.
     0 | D:1      | Reached XP level 1. HP: 14/14 MP: 1/1
   142 | D:1      | Reached XP level 2. HP: 19/19 MP: 2/2
   205 | D:1      | Found a shimmering altar of Xom.
   205 | D:1      | Found a hazy altar of Hepliaklqana.
   205 | D:1      | Found a burning altar of Makhleb.
   205 | D:1      | Found a shimmering altar of Xom.
   205 | D:1      | Found an ornate altar of the Wu Jian Council.
   205 | D:1      | Found a burning altar of Makhleb.
   304 | D:1      | Reached XP level 3. HP: 16/25 MP: 3/3
   920 | D:2      | Noticed Natasha
  1050 | D:2      | Noticed Robin
  1459 | D:2      | Killed Robin
  1459 | D:2      | Reached XP level 4. HP: 31/31 MP: 4/4
  1790 | D:2      | Reached skill level 1 in Long Blades
  1798 | D:2      | Reached XP level 5. HP: 23/37 MP: 5/5
  1889 | D:2      | Found an iron altar of Okawaru.
  1897 | D:2      | Became a worshipper of Warmaster Okawaru
  1934 | D:2      | Found a hazy altar of Hepliaklqana.
  2103 | D:3      | Found a stormy altar of Qazlal.
  2196 | D:3      | Found a sparkling altar of Nemelex Xobeh.
  2208 | D:3      | Noticed an orc warrior
  2229 | D:3      | Killed an orc warrior
  2229 | D:3      | Reached XP level 6. HP: 44/44 MP: 6/6
  2246 | D:3      | HP: 2/44 [orc priest/divine providence (17)]
  2525 | D:2      | Killed Natasha
  2658 | D:3      | Found a sacrificial altar of Ru.
  2703 | D:3      | Noticed Ijyb
  2726 | D:3      | Killed Ijyb
  2877 | D:3      | Reached XP level 7. HP: 49/49 MP: 7/7
  3022 | D:3      | Reached * piety under Okawaru
  3514 | D:3      | Found a glowing golden altar of the Shining One.
  3528 | D:3      | Found a basalt altar of Yredelemnul.
  3541 | D:3      | Noticed a profane servitor
  3700 | D:3      | Noticed an angel
  3904 | D:4      | Reached XP level 8. HP: 50/54 MP: 8/8
  3941 | D:4      | Found a shadowy altar of Dithmenos.
  4050 | D:4      | Found a blossoming altar of Fedhas.
  4195 | D:4      | Found a staircase to the Ecumenical Temple.
  4221 | D:4      | Found a sacrificial altar of Ru.
  4230 | D:4      | Reached skill level 10 in Slings
  4461 | D:4      | Found a hide-covered altar of Uskayaw.
  4764 | D:4      | Found a burning altar of Makhleb.
  4764 | D:4      | Found a radiant altar of Vehumet.
  4979 | D:5      | Entered Level 5 of the Dungeon
  4999 | D:4      | Reached skill level 1 in Armour
  5140 | D:5      | Noticed Edmund
  5181 | D:5      | Killed Edmund
  5181 | D:5      | Reached skill level 5 in Fighting
  5185 | D:5      | Reached ** piety under Okawaru
  5361 | D:5      | Found Peeduf's Book Shoppe.
  5608 | D:5      | Reached XP level 9. HP: 37/61 MP: 9/9
  5820 | D:5      | Noticed Menkaure
  5828 | D:5      | Killed Menkaure
  6250 | D:5      | Reached skill level 5 in Shields
  6452 | D:6      | Reached *** piety under Okawaru
  6531 | D:6      | Found an opulent altar of Gozag.
  6577 | D:6      | Noticed Blork the orc
  6594 | D:6      | Killed Blork the orc
  6626 | D:6      | Reached skill level 5 in Long Blades
  6773 | D:6      | Got an encrusted war axe
  6793 | D:6      | Noticed Grinder
  6812 | D:6      | Killed Grinder
  6881 | D:6      | Noticed Eustachio
  6894 | D:6      | Killed Eustachio
  7308 | D:7      | Reached **** piety under Okawaru
  7501 | D:6      | Reached XP level 10. HP: 37/66 MP: 10/10
  8218 | D:7      | Reached ***** piety under Okawaru
  8511 | D:7      | Found Yddoceq's Magic Scroll Emporium.
  8533 | D:7      | Found Keutan's Gadget Shop.
  8542 | D:7      | Found Emihah's Book Emporium.
  8609 | D:7      | Reached skill level 5 in Armour
  8646 | D:7      | Received a gift from Okawaru
  8666 | D:7      | Reached skill level 3 in Dodging
  8730 | D:7      | Reached skill level 4 in Dodging
  8829 | D:7      | Bought a scroll of blinking for 82 gold pieces
  8912 | D:7      | Reached XP level 11. HP: 54/73 MP: 11/11
  9013 | D:7      | Noticed an orc knight
  9324 | D:7      | Reached skill level 5 in Dodging
  9430 | D:7      | Noticed an orc warlord
  9841 | D:7      | Noticed an orc knight
 10855 | D:9      | Noticed Pikel
 10865 | D:9      | Killed Pikel
 10894 | D:9      | Found a staircase to the Lair.
 11171 | D:9      | Identified the +3 war axe "Ruugutrely" {chop, *Noise rN+ Str+2 Dex+2} (You found it on level 6 of the Dungeon)
 11188 | D:9      | Received a gift from Okawaru
 11314 | D:9      | Noticed an orange crystal statue
 12037 | D:10     | Entered Level 10 of the Dungeon
 12077 | D:10     | Reached skill level 15 in Slings
 12460 | D:10     | Reached XP level 12. HP: 83/83 MP: 12/12
 13115 | Lair:1   | Entered Level 1 of the Lair of Beasts
 13238 | Lair:1   | Found a labyrinth entrance.
 13240 | Lair:1   | Noticed a six-headed hydra
 13248 | Lair:1   | Killed a six-headed hydra
 13265 | Lab      | Entered a labyrinth
 13534 | Lab      | Noticed a minotaur
 13543 | Lab      | Killed a minotaur
 13567 | Lab      | Got a fine scale mail
 13571 | Lab      | Identified the +3 scale mail of Elyvilon's Approval {MP+9 Int+3} (You found it in a labyrinth)
 13684 | Lair:1   | Reached skill level 1 in Maces & Flails
 13841 | Lair:1   | Noticed a seven-headed hydra
 13849 | Lair:1   | Killed a seven-headed hydra
 13849 | Lair:1   | Received a gift from Okawaru
 14437 | Lair:2   | Received a gift from Okawaru
 14447 | Lair:2   | Noticed an eight-headed hydra
 14456 | Lair:2   | Killed an eight-headed hydra
 14466 | Lair:2   | Learned a level 1 spell: Apportation
 14554 | Lair:2   | Reached ****** piety under Okawaru
 14734 | Lair:2   | Noticed a death yak
 14735 | Lair:2   | Noticed a death yak
 14736 | Lair:2   | Noticed a death yak
 14754 | Lair:2   | Found a frozen archway.
 14762 | IceCv    | Entered an ice cave
 14805 | IceCv    | Reached skill level 5 in Maces & Flails
 14890 | IceCv    | Received a gift from Okawaru
 14959 | IceCv    | Reached XP level 13. HP: 83/91 MP: 13/13
 15204 | IceCv    | Reached skill level 10 in Fighting
 15406 | IceCv    | Noticed a frost giant
 15448 | IceCv    | HP: 6/138 [frost giant/bolt of cold (17)]
 15458 | IceCv    | Killed a frost giant
 15664 | IceCv    | Identified the Papyrus of Mutagenic Good Luck
 15987 | Lair:2   | Received a gift from Okawaru
 15987 | Lair:2   | Reached skill level 10 in Maces & Flails
 16000 | Lair:2   | Got a polished buckler {god gift}
 16011 | Lair:2   | Identified the +0 buckler "Sapane" {rN++ MR+ Int-4} (Okawaru gifted it to you on level 2 of the Lair of Beasts)
 16609 | Lair:2   | Got a dazzling short sword
 16610 | Lair:2   | Identified the +11 short sword "Ihuklaon" {speed, rC+} (You found it on level 2 of the Lair of Beasts)
 16646 | Lair:2   | Reached skill level 1 in Short Blades
 17017 | Lair:2   | Reached XP level 14. HP: 92/99 MP: 14/14
 17278 | Lair:3   | Reached skill level 5 in Short Blades
 17286 | Lair:3   | Found a staircase to the Shoals.
 17978 | Lair:4   | Reached skill level 6 in Dodging
 18234 | Lair:4   | Noticed an entropy weaver
 18235 | Lair:4   | Noticed an entropy weaver
 18306 | Lair:3   | Reached skill level 1 in Invocations
 18374 | Lair:3   | Killed an entropy weaver
 18524 | Lair:3   | Received a gift from Okawaru
 18528 | Lair:3   | Got a pair of heavily runed boots {god gift}
 18534 | Lair:3   | Identified the +0 pair of boots of the Jolly Scars {rN+++ Int-5 Slay+5} (Okawaru gifted it to you on level 3 of the Lair of Beasts)
 18534 | Lair:3   | Lost intelligence.
 18911 | Lair:4   | Reached skill level 7 in Dodging
 19149 | Lair:4   | Found a staircase to the Snake Pit.
 19234 | Lair:4   | Killed an entropy weaver
 19881 | Lair:5   | Reached skill level 1 in Evocations
 20755 | Lair:5   | Reached XP level 15. HP: 103/103 MP: 18/18
 20852 | Lair:6   | Entered Level 6 of the Lair of Beasts
 21056 | Lair:6   | Reached skill level 10 in Armour
 21185 | Lair:6   | Received a gift from Okawaru
 21204 | Lair:6   | Identified a +2 pair of boots of running (Okawaru gifted it to you on level 6 of the Lair of Beasts)
 21448 | Lair:6   | Got an iridescent whip
 21452 | Lair:6   | Identified the cursed +1 whip "Spiderslayer" {drain, Int+6} (You found it on level 6 of the Lair of Beasts)
 22745 | Lair:6   | Found a staircase to the Slime Pits.
 24062 | D:12     | Received a gift from Okawaru
 24170 | D:12     | Found a staircase to the Orcish Mines.
 24602 | D:12     | Received a gift from Okawaru
 24653 | D:12     | Reached skill level 8 in Dodging
 24995 | D:13     | Reached XP level 16. HP: 109/109 MP: 19/19
 25008 | D:13     | Reached skill level 9 in Dodging
 25074 | D:13     | Received a gift from Okawaru
 25322 | D:13     | Reached skill level 10 in Dodging
 25376 | D:13     | Received a gift from Okawaru
 25921 | D:13     | Received a gift from Okawaru
 26028 | D:13     | Reached skill level 11 in Dodging
 26139 | D:13     | Found a gate to the Vaults.
 26354 | D:13     | Received a gift from Okawaru
 26501 | D:14     | Received a gift from Okawaru
 26549 | D:14     | Got a steaming hunting sling {god gift}
 26550 | D:14     | Identified the +7 hunting sling of Eternal Harmony {venom, Dex+4} (Okawaru gifted it to you on level 14 of the Dungeon)
 27714 | D:7      | Bought a scroll of acquirement for 572 gold pieces
 27714 | D:7      | Bought a scroll of teleportation for 33 gold pieces
 27714 | D:7      | Bought a scroll of identify for 22 gold pieces
 27831 | D:15     | Entered Level 15 of the Dungeon
 27927 | D:15     | Found Acifuent's General Store.
 27930 | D:15     | Bought a potion of haste for 160 gold pieces
 28058 | D:15     | Noticed Agnes
 28073 | D:15     | Killed Agnes
 28207 | D:15     | Reached skill level 5 in Invocations
 28274 | D:15     | Found a staircase to the Depths.
 28511 | D:15     | Received a gift from Okawaru
 28884 | D:15     | Reached XP level 17. HP: 115/115 MP: 20/22
 29205 | D:15     | Received a gift from Okawaru
 29309 | D:15     | Received a gift from Okawaru
 30132 | Orc:1    | Entered Level 1 of the Orcish Mines
 30417 | Orc:2    | Entered Level 2 of the Orcish Mines
 30735 | Orc:2    | Found Adoxoipu's Magic Scroll Shoppe.
 30735 | Orc:2    | Found Qacvul's Jewellery Shop.
 30743 | Orc:2    | Found Meweme's Assorted Antiques.
 30744 | Orc:2    | Found Qagiu's Assorted Antiques.
 30752 | Orc:2    | Bought a scroll of enchant weapon for 240 gold pieces
 30760 | Orc:2    | Bought the brooch of Shielding {Reflect SH+8} for 1381 gold pieces
 30784 | Orc:2    | Found a staircase to the Elven Halls.
 31150 | Orc:2    | Bought a scroll of brand weapon for 320 gold pieces
 31209 | Orc:1    | Found Faisuuc's Armour Emporium.
 32071 | Snake:1  | Entered Level 1 of the Snake Pit
 32082 | Snake:1  | Found a shimmering altar of Xom.
 32765 | Snake:2  | Noticed Frances
 32777 | Snake:2  | Killed Frances
 32878 | Snake:2  | Noticed Vashnia
 32924 | Snake:2  | Killed Vashnia
 33417 | Snake:2  | Reached skill level 15 in Armour
 33788 | Snake:2  | Noticed Roxanne
 33869 | Snake:2  | Killed Roxanne
 33871 | Snake:2  | Identified Roxanne's Reference Book on Transmutation (You took it off Roxanne on level 2 of the Snake Pit)
 33890 | Snake:2  | Received a gift from Okawaru
 35098 | Snake:3  | Reached XP level 18. HP: 115/122 MP: 22/25
 36127 | Snake:3  | Found Buthren's Antique Weapon Boutique.
 36715 | Snake:3  | Received a gift from Okawaru
 36916 | Snake:3  | Noticed Asterion
 36944 | Snake:3  | Killed Asterion
 39086 | Orc:2    | Bought an uncursed ring of poison resistance for 260 gold pieces
 39417 | Snake:4  | Entered Level 4 of the Snake Pit
 42083 | Snake:4  | Reached XP level 19. HP: 122/137 MP: 26/26
 42191 | Snake:2  | Received a gift from Okawaru
 43488 | Snake:3  | Reached skill level 15 in Fighting
 45240 | Snake:4  | Got a serpentine rune of Zot
 45714 | Shoals:1 | Entered Level 1 of the Shoals
 46171 | Shoals:1 | Received a gift from Okawaru
 46590 | Shoals:1 | Found Osib's Food Shoppe.
 46604 | Shoals:1 | Noticed Josephine
 46624 | Shoals:1 | Killed Josephine
 47980 | Shoals:2 | Reached XP level 20. HP: 129/147 MP: 27/27
 48491 | Shoals:3 | Found a runed door.
 48699 | Shoals:3 | Noticed Aizul
 48703 | Shoals:3 | Noticed Nikola
 48724 | Shoals:3 | Noticed Mara
 48727 | Shoals:3 | Noticed Kenran's illusion
 48735 | Shoals:3 | Killed Nikola
 49236 | Shoals:3 | Killed Aizul
 49867 | Shoals:4 | Entered Level 4 of the Shoals
 50118 | Shoals:4 | Noticed Ilsuiw
 50153 | Shoals:4 | Killed Ilsuiw
 50179 | Shoals:4 | Reached skill level 12 in Dodging
 50342 | Shoals:4 | Received a gift from Okawaru
 52097 | Shoals:4 | Got a barnacled rune of Zot
 52448 | Shoals:4 | Reached skill level 13 in Dodging
 52742 | Vaults:1 | Entered Level 1 of the Vaults
 53132 | Vaults:1 | Noticed Jorgrun
 53275 | Vaults:1 | Killed Jorgrun
 53597 | Vaults:1 | Reached XP level 21. HP: 140/153 MP: 28/28
 53968 | Vaults:1 | Received a gift from Okawaru
 54174 | Vaults:1 | Reached skill level 14 in Dodging
 54813 | Vaults:1 | Paralysed by a wizard for 5 turns
 57030 | Vaults:2 | Reached skill level 15 in Dodging
 57052 | Vaults:2 | Received a gift from Okawaru
 58805 | Vaults:2 | Reached XP level 22. HP: 130/162 MP: 29/29
 59336 | Vaults:2 | Received a gift from Okawaru
 59371 | Vaults:2 | Cast into level 2 of the Abyss (a deep elf demonologist)
 59372 | Abyss:2  | Upgraded the game from 0.21-a0-110-g8e1637b to 0.21-a0-111-g52d2817
 59863 | Vaults:2 | Escaped the Abyss
 59887 | Vaults:2 | Received a gift from Okawaru
 60620 | Vaults:3 | Found a staircase to the Crypt.
 60872 | Vaults:3 | Received a gift from Okawaru
 61319 | Vaults:3 | Received a gift from Okawaru
 61539 | Vaults:3 | Found Gaynerph's Assorted Antiques.
 63852 | Vaults:4 | Reached XP level 23. HP: 139/174 MP: 30/30
 64274 | Vaults:4 | Received a gift from Okawaru
 64591 | Vaults:4 | Received a gift from Okawaru
 65020 | Vaults:4 | Found Xoanudosel's Book Emporium.
 65708 | Orc:2    | Bought a scroll of blinking for 120 gold pieces
 65708 | Orc:2    | Bought a scroll of enchant armour for 120 gold pieces
 65708 | Orc:2    | Bought a scroll of fog for 32 gold pieces
 65708 | Orc:2    | Bought a scroll of fog for 32 gold pieces
 65711 | Orc:2    | Bought a scroll of brand weapon for 680 gold pieces
 65837 | Depths:1 | Entered Level 1 of the Depths
 66263 | Depths:1 | Found a snail-covered altar of Cheibriados.
 66443 | Depths:1 | Found Feza's Assorted Antiques.
 66444 | Depths:1 | Found Obood's Gadget Shoppe.
 66444 | Depths:1 | Found Bise's Distillery.
 66464 | Depths:1 | Found Lyowkonk's Armour Emporium.
 66751 | Depths:1 | Received a gift from Okawaru
 67002 | Depths:1 | Reached skill level 10 in Shields
 67256 | Depths:2 | Found a gateway to Hell.
 67262 | Depths:2 | Noticed Saint Roka
 67290 | Depths:2 | Killed Saint Roka
 67667 | Depths:2 | Received a gift from Okawaru
 68041 | Depths:2 | Reached XP level 24. HP: 183/183 MP: 30/30
 68528 | Depths:2 | Received a gift from Okawaru
 69840 | Depths:2 | Noticed a greater mummy
 69873 | Depths:2 | Killed a greater mummy
 69873 | Depths:2 | Received a gift from Okawaru
 70527 | Depths:3 | Found a one-way gate leading to the halls of Pandemonium.
 70548 | Depths:3 | Received a gift from Okawaru
 70559 | Depths:3 | Found a gateway to a ziggurat.
 70895 | Depths:3 | Reached skill level 15 in Shields
 70997 | Depths:3 | Received a gift from Okawaru
 71330 | Depths:3 | Received a gift from Okawaru
 71708 | Depths:2 | Received a gift from Okawaru
 73038 | Depths:3 | Reached XP level 25. HP: 189/189 MP: 30/30
 74189 | Depths:4 | Identified the cursed +0 pearl dragon scales "Qomeotro" {rPois rF++ rN+ Str+3 Int-4} (You found it on level 4 of the Depths)
 74299 | Depths:4 | Reached skill level 16 in Dodging
 74695 | Depths:4 | Found a one-way gate to the infinite horrors of the Abyss.
 75463 | Lair:2   | Learned a level 1 spell: Animate Skeleton
 75698 | Depths:5 | Entered Level 5 of the Depths
 75775 | Depths:4 | Reached skill level 1 in Necromancy
 75904 | Depths:4 | Received a gift from Okawaru
 75926 | Depths:4 | Identified the -2 pair of gloves "Masiobi" {Int+6 Dex-3 SInv} (Okawaru gifted it to you on level 4 of the Depths)
 76545 | Depths:5 | Reached skill level 5 in Necromancy
 76738 | Depths:5 | Noticed Sojobo
 76812 | Depths:4 | Killed Sojobo
 77773 | Depths:5 | Reached XP level 26. HP: 176/196 MP: 30/30
 78293 | Depths:1 | Bought a potion of resistance for 320 gold pieces
 78296 | Depths:1 | Bought a potion of curing for 57 gold pieces
 78296 | Depths:1 | Bought a potion of heal wounds for 95 gold pieces
 78296 | Depths:1 | Bought a potion of heal wounds for 95 gold pieces
 78296 | Depths:1 | Bought a potion of might for 76 gold pieces
 78296 | Depths:1 | Bought a potion of invisibility for 152 gold pieces
 78467 | Elf:1    | Entered Level 1 of the Elven Halls
 78667 | Elf:1    | Received a gift from Okawaru
 78813 | Elf:1    | Reached skill level 17 in Dodging
 78982 | Elf:1    | Got a brightly glowing marble ring
 78983 | Elf:1    | Identified the ring of Saim {rElec rF+} (You acquired it on level 1 of the Elven Halls)
 79656 | Elf:2    | Found a ruined gateway.
 79679 | Desolati | Entered the Desolation of Salt
 79729 | Desolati | Reached skill level 18 in Dodging
 79824 | Desolati | Got a vibrating amber ring
 79825 | Desolati | Identified the ring of the Madman {rC++ EV+2} (You found it in the Desolation of Salt)
 79838 | Desolati | Got a pair of translucent gloves
 79849 | Desolati | Identified the +2 pair of gloves "Tuyras" {Dex+5} (You found it in the Desolation of Salt)
 79851 | Desolati | Got a brightly glowing tin amulet
 79852 | Desolati | Identified the amulet "Rootopp" {Inacc rPois Str-4 Dex-4 Stlth+} (You found it in the Desolation of Salt)
 80013 | Desolati | Identified Iruif's Handbook of Virous Creation
 80020 | Desolati | Identified the Collected Works on Bewitching Shape Shifting
 80026 | Desolati | Learned a level 3 spell: Portal Projectile
 80097 | Desolati | Received a gift from Okawaru
 80509 | Desolati | Identified the Reference Book on Destructive Fire
 80513 | Desolati | Got a scintillating sapphire amulet
 80514 | Desolati | Identified the amulet "Zuhad" {Gourm rPois Dex+4} (You found it in the Desolation of Salt)
 80542 | Desolati | Identified the Catalogue of the Sinister Blaze
 80681 | Elf:2    | Reached skill level 19 in Dodging
 80917 | Elf:2    | Found a runed door.
 80939 | Elf:2    | Found a runed door.
 81227 | Elf:2    | Received a gift from Okawaru
 81540 | Elf:3    | Entered Level 3 of the Elven Halls
 81672 | Elf:3    | Found Obityruy's Armour Shop.
 81707 | Elf:3    | Reached skill level 1 in Translocations
 81944 | Elf:3    | Reached skill level 1 in Hexes
 82108 | Elf:3    | Reached skill level 1 in Spellcasting
 82112 | Elf:3    | Reached XP level 27. HP: 201/201 MP: 30/30
 82352 | Elf:3    | Got a fine amber ring
 82582 | Elf:3    | Learned a level 2 spell: Passwall
 82668 | Elf:3    | Identified the Handbook of Icy Orientation
 82674 | Elf:3    | Learned a level 4 spell: Passage of Golubria
 82675 | Elf:3    | Identified the ring of Saicw {rCorr rPois} (You took it off a deep elf blademaster on level 3 of the Elven Halls)
 83118 | Slime:1  | Entered Level 1 of the Pits of Slime
 83125 | Slime:1  | Reached skill level 5 in Translocations
 83760 | Slime:2  | Received a gift from Okawaru
 84690 | Slime:3  | Reached skill level 5 in Hexes
 85321 | Slime:1  | Received a gift from Okawaru
 86647 | Slime:2  | Reached skill level 10 in Translocations
 87213 | Slime:4  | Received a gift from Okawaru
 87545 | Slime:5  | Entered Level 5 of the Pits of Slime
 87703 | Slime:5  | Noticed the Royal Jelly
 87736 | Slime:5  | Killed the Royal Jelly
 87736 | Slime:5  | Reached skill level 20 in Dodging
 88150 | Slime:5  | Got an encrusted cloak
 88162 | Slime:5  | Identified the +0 cloak "Edauck" {rF+ Slay+5} (You found it on level 5 of the Pits of Slime)
 88171 | Slime:5  | Got a slimy rune of Zot
 88336 | Slime:5  | Got a bloodstained cloak
 88347 | Slime:5  | Identified the +1 cloak of Seqaatiy {rF+ rN+} (You acquired it on level 5 of the Pits of Slime)
 89223 | Depths:5 | Found a gate to the Realm of Zot.
 89231 | Depths:5 | Reached skill level 21 in Dodging
 89294 | Zot:1    | Entered Level 1 of the Realm of Zot
 89952 | Zot:1    | Received a gift from Okawaru
 90025 | Zot:1    | Reached skill level 22 in Dodging
 91400 | Zot:1    | Received a gift from Okawaru
 91911 | Zot:1    | Reached skill level 23 in Dodging
 92354 | Zot:2    | Received a gift from Okawaru
 92456 | Zot:2    | Identified the +2 plate armour "Nyupra Wynt" {rElec Str+4 Dex+4} (Okawaru gifted it to you on level 2 of the Realm of Zot)
 92725 | Zot:2    | Reached skill level 24 in Dodging
 94180 | Zot:3    | Received a gift from Okawaru
 94326 | Zot:3    | Reached skill level 25 in Dodging
 94445 | Zot:3    | Received a gift from Okawaru
 94636 | Zot:3    | Received a gift from Okawaru
 94864 | Zot:3    | Received a gift from Okawaru
 95211 | Zot:3    | Reached skill level 26 in Dodging
 96845 | Zot:3    | Reached skill level 27 in Dodging
 97076 | Zot:4    | Received a gift from Okawaru
 97076 | Zot:4    | Reached skill level 10 in Invocations
 97804 | Zot:5    | Entered Level 5 of the Realm of Zot
 98719 | Zot:5    | Noticed an ancient lich
 98732 | Zot:5    | Paralysed by an ancient lich for 7 turns
 98752 | Zot:5    | Killed an ancient lich
 98927 | Zot:5    | Noticed an orb of fire
 98943 | Zot:5    | Killed an orb of fire
 98943 | Zot:5    | Received a gift from Okawaru
 99128 | Zot:5    | Noticed an orb of fire
 99131 | Zot:5    | Noticed an orb of fire
 99152 | Zot:5    | Killed an orb of fire
 99171 | Zot:5    | Noticed an orb of fire
 99173 | Zot:5    | Received a gift from Okawaru
 99190 | Zot:5    | Killed an orb of fire
 99316 | Zot:5    | Reached skill level 15 in Invocations
 99405 | Zot:5    | Killed an orb of fire
 99405 | Zot:5    | Received a gift from Okawaru
 99405 | Zot:5    | Received a gift from Okawaru
 99449 | Zot:5    | Noticed an orb of fire
 99470 | Zot:5    | Killed an orb of fire
 99716 | Zot:5    | Noticed an ancient lich
 99744 | Zot:5    | Killed an ancient lich
 99855 | Zot:5    | Received a gift from Okawaru
 99893 | Zot:5    | Noticed an ancient lich
 99898 | Zot:5    | Paralysed by an ancient lich for 7 turns
 99919 | Zot:5    | Killed an ancient lich
100360 | Zot:5    | Noticed an ancient lich
100377 | Zot:5    | Killed an ancient lich
100507 | Zot:5    | Noticed an orb of fire
100520 | Zot:5    | Killed an orb of fire
100789 | Zot:5    | Got the Orb of Zot
100870 | Zot:5    | Received a gift from Okawaru
100973 | Zot:1    | Reached skill level 5 in Evocations
101427 | D:$      | Escaped with the Orb!

Vault maps used:
D:1:      saegor_arrival_fortress, doesnt_xom_only_xom
D:2:      lemuel_upstairs_altar, lemuel_round_altar, okawaru_altar_gauntlet_db,
          uniq_robin, uniq_natasha
D:3:      grunt_temple_overflow_holy_war, grunt_qazlal_sundering,
          nemelex_xobeh_ov_fountains_minmay, portal_sewer_entry_d,
          nicolae_ru_great_annihilating_truth, uniq_ijyb
D:4:      kennysheep_little_box, nicolae_overflow_crystal_walls, fedhas_altar_4,
          grunt_temple_overflow_lords_of_destruction,
          minmay_temple_entry_large_hall, first_bread,
          nicolae_dithmenos_shadow_blocks
D:5:      serial_shops, nicolae_shop_statue_plus, kennysheep_nub, uniq_edmund,
          uniq_menkaure
D:6:      lemuel_round_altar, hangedman_decor_growths, uniq_blork_the_orc,
          uniq_grinder, uniq_eustachio
D:7:      lemuel_castle_with_subvaults, serial_shops, nicolae_shop_crystal,
          shop, nicolae_shop_stone, grunt_ogre_cave
D:9:      dpeg_oklobed_lair, chequers_big_river, minmay_tree_intersection,
          minmay_statue_bubble, uniq_pikel
D:10:     serial_ice, serial_ice_l, serial_ice_f, serial_ice_n, serial_ice_b,
          serial_ice_g, serial_ice_c, grunt_decor_mini_mirrors,
          serial_bayou_pond_c
D:11:     lemuel_old_faithful
D:12:     erik_orc_4
D:13:     hangedman_vaults_entry_quadrant_bands, minmay_misc_feat_tiny,
          nicolae_underground_beach
D:14:     minmay_misc_feat_iff
D:15:     grunt_enter_depths_hoard, hangedman_abyss_or_decor_lesser_grid,
          serial_shops, shop, uniq_agnes
Lair:1:   statuecave_lemuel, lab_entry_generic, lemuel_fruit_fields
Lair:2:   beast_lair_carwin_large_3, portal_ice_cave_entry_pillars_1,
          lemuel_fruit_tree, minmay_lair_oklob_chamber
Lair:3:   elwin_shoals_entry_stream
Lair:4:   dummy_snake_entry, hangedman_lair_unloving_vines, minivault_29
Lair:5:   fungi_pond_lemuel, serial_bayou_pond_c
Lair:6:   hangedman_lair_in_review, minmay_slime_entry_oklob_enclosed,
          infiniplex_staircase_pool
Shoals:1: serial_shops, nicolae_shop_statue_plus,
          nicolae_shoals_dead_sea_scrolls, uniq_josephine
Shoals:2: cheibrodos_shoals_roost
Shoals:3: lightli_airlock, uniq_nikola, uniq_mara, uniq_aizul
Shoals:4: shoals_end_grunt_ice, shoals_ilsuiw_ice
Snake:1:  basic_altar
Snake:2:  hangedman_venom_bottle, uniq_vashnia, uniq_frances, uniq_roxanne
Snake:3:  serial_shops, shop, grunt_ministairs_5, uniq_asterion
Snake:4:  minmay_snake_end_coiled, basic_stair_grate_trap
Slime:3:  special_room
Orc:1:    serial_shops, nicolae_shop_behind_doors
Orc:2:    st_orc_rangers
Elf:1:    minivault_28
Elf:2:    portal_desolation_entry_ruin
Elf:3:    elf_hall_gauntlet_narrow, serial_shops, shop_fountains, spider_trap,
          st_stairs_5
Vaults:1: nicolae_vaults_quadrants, v_alt_pattern_6,
          nicolae_vaults_back_hallway, v_misc_13, nicolae_vaults_alarming,
          grunt_vaults_bifocal, grunt_vaults_hallway_short,
          nicolae_vaults_ring_of_whatevers, nicolae_vaults_three_branches,
          v_alt_pattern_2, uniq_jorgrun
Vaults:2: hangedman_vaults_nails, v_misc_24, hangedman_vaults_slice, v_misc_12,
          nicolae_vaults_little_squares_3, ontoclasm_vaults_eye, v_pattern_3,
          vaults_room_octagon, vaults_room_large_hall, hangedman_vaults_nodes,
          vaults_room_guarded_vault, v_alt_pattern_4, nicolae_vaults_little_ls
Vaults:3: vaults_room_boxed, v_misc_22, grunt_vaults_hallway_short,
          minmay_crypt_entry_simple_walls, dpeg_vaults_monster_box, v_misc_1,
          grunt_vaults_hallway_long, nicolae_vaults_statue_guard, v_misc_2,
          ontoclasm_vaults_chip, hangedman_vaults_nails,
          nicolae_vaults_shelves_hall, ontoclasm_vaults_ligature, serial_shops,
          nicolae_shop_overgrown_old_shop
Vaults:4: nicolae_vaults_triangles, v_misc_30, v_misc_2, v_misc_28,
          ontoclasm_vaults_gateway, ontoclasm_vaults_decontamination,
          vaults_room_fours, hangedman_vaults_river_flow,
          vaults_mumra_bighexcomb, ontoclasm_vaults_shuriken, v_alt_pattern_3,
          mu_enter_wizlab_5, serial_shops, shop
Depths:1: cheibriados_altar_1, grunt_hell_entry_dis_old, hex_medium,
          grunt_decor_cap, evilmike_minifort, minmay_shoptagon
Depths:2: ragdoll_tomb_raider, nrook_pool_corridor, hell_entry,
          grunt_ministairs_5, minmay_misc_feat_nine_boxes,
          infiniplex_staircase_spiral_double, basic_stair_grate_trap,
          uniq_saint_roka
Depths:3: minmay_expanding_squares, enter_ziggurat_d, grunt_mini_vestibule,
          pan_entry, minivault_11
Depths:4: minmay_stepped, abyss_entry_crystal, hellmouth_1,
          kennysheep_another_room, grunt_ministairs_4, minmay_staircase_statues
Depths:5: evilmike_zot_entry_gauntlet, hell_entry, serial_bayou_pond_c,
          uniq_sojobo
Zot:1:    grunt_ministairs_2, grunt_megastairs_3
Zot:2:    hangedman_snake_sidewinding
Zot:3:    grunt_megastairs_1
Zot:4:    lemuel_flame_loot_1
Abyss:2:  evilmike_abyss_exit_3
Lab:      labyrinth_mini_lab, lab_block
IceCv:    ice_cave_caverns_03

Skill      XL: |  1  2  3  4  5  6  7  8  9 10 11 12 13 14 15 16 17 18 19 20 21 22 23 24 25 26 27 |
---------------+----------------------------------------------------------------------------------+-----
Slings         | 6 9 10 11 13 16 | 16.4
Fighting       | 2 3 4 5 6 8 9 10 14 16 17 19 20 21 | 21.7
Long Blades    | 1 3 4 7 |  7.3
Armour         | 4 5 6 9 11 13 15 17 18 19 | 19.1
Shields        | 2 5 12 16 | 16.4
Dodging        | 4 5 7 8 11 13 15 16 19 27 | 27.0
Maces & Flails | 5 10 12 14 | 14.1
Short Blades   | 2 6 |  6.2
Invocations    | 3 6 9 18 | 18.5
Evocations     | 4 5 |  5.8
Necromancy     | 8 |  8.6
Translocations | 2 10 | 10.6
Hexes          | 2 6 |  6.3
Spellcasting   | 1 3 |  3.3
Stealth        | |  1.1

Action                   |  1- 3 |  4- 6 |  7- 9 | 10-12 | 13-15 | 16-18 | 19-21 | 22-24 | 25-27 || total
-------------------------+-------+-------+-------+-------+-------+-------+-------+-------+-------++-------
Melee: Short sword       |    21 |    29 |       |       |   115 |    47 |       |       |       ||   212
       Hand axe          |   114 |       |       |       |       |       |       |       |       ||   114
       Falchion          |       |    61 |   284 |   328 |       |       |       |       |       ||   673
       Fustibalus        |       |       |       |     3 |     1 |       |     2 |     1 |     1 ||     8
       Demon whip        |       |       |       |       |   254 |   887 |  2053 |  2375 |   746 ||  6315
       Hunting sling     |       |       |       |       |       |     2 |       |       |       ||     2
 Fire: Hunting sling     |    21 |    87 |   311 |   383 |       |    61 |       |       |       ||   863
       Fustibalus        |       |       |       |   459 |  1428 |  2034 |  1406 |  1206 |  4341 || 10874
 Cast: Apportation       |       |       |       |       |       |       |       |       |    53 ||    53
       Portal Projectile |       |       |       |       |       |       |       |       |    44 ||    44
Invok: Heroism           |       |       |       |     1 |     5 |     7 |     8 |     5 |    11 ||    37
       Finesse           |       |       |       |       |       |     2 |     4 |     2 |    13 ||    21
Evoke: Wand              |       |       |       |       |     1 |       |     1 |     1 |     6 ||     9
  Use: Scroll            |     4 |       |     7 |    10 |    16 |     7 |    16 |    11 |    28 ||    99
       Potion            |       |     1 |     4 |     1 |     2 |     5 |     8 |     2 |    13 ||    36
 Stab: Sleeping          |     1 |       |     1 |       |       |       |       |       |       ||     2
       Distracted        |       |       |       |       |       |       |     1 |     1 |       ||     2
       Invisible         |       |       |       |       |       |       |    20 |       |       ||    20
       Held in net/web   |       |       |       |       |       |       |     2 |       |       ||     2
  Eat: Chunk             |     2 |     5 |     9 |    21 |    14 |    13 |    27 |    23 |    11 ||   125
       Meat ration       |       |       |     1 |       |     1 |       |     2 |       |     4 ||     8
       Fruit             |       |       |       |     2 |     7 |     6 |     4 |     5 |     1 ||    25
       Royal jelly       |       |       |       |     2 |     2 |     1 |       |     6 |     6 ||    17
       Bread ration      |       |       |       |       |       |     7 |     2 |     1 |    12 ||    22
Armor: Leather armour    |    48 |    26 |    15 |       |       |       |       |       |       ||    89
       Plate armour      |       |       |   221 |       |       |       |       |       |       ||   221
       Chain mail        |       |       |       |   262 |    79 |       |       |       |       ||   341
       Fire dragon scale |       |       |       |       |   317 |   442 |   513 |   537 |   521 ||  2330
Dodge: Dodged            |    99 |    59 |   120 |   255 |   492 |   734 |   992 |  1233 |  1613 ||  5597
Block: Buckler           |     8 |    40 |   132 |   217 |   326 |   780 |  1275 |  1488 |    99 ||  4365
       Reflection        |       |       |       |       |    14 |   129 |   154 |   118 |    87 ||   502
       Shield            |       |       |       |       |       |     2 |       |       |  2593 ||  2595
       Rpst.: Falchion   |       |    12 |    24 |    42 |       |       |       |       |       ||    78
